 Dungeon Crawl Stone Soup version 0.28.0 (webtiles) character file.

Game seed: 11830869539282715265

223014 Theoretic the Fighter (level 18, 0/116 HPs)
             Began as a Gargoyle Monk on Feb 4, 2022.
             Was an Elder of Okawaru.
             Slain by an emperor scorpion (6 damage)
             ... on level 4 of the Spider Nest.
             The game lasted 01:38:30 (30031 turns).

Theoretic the Fighter (Gargoyle Monk)              Turns: 30031, Time: 01:38:30

Health: 0/116      AC: 43    Str: 24      XL:     18   Next: 77%
Magic:  24/25      EV:  7    Int: 15      God:    Okawaru [****..]
Gold:   2341       SH: 17    Dex: 11 (12) Spells: 15/17 levels left

rFire   + . .      SeeInvis +   a - +4 demon trident (drain)
rCold   . . .      Faith    .   Q - +2 kite shield {AC+3}
rNeg    + . .      Spirit   .   Z - +0 crystal plate armour
rPois   ∞          Reflect  .   V - +1 hat {Int+3}
rElec   +          Harm     .   D - +0 cloak
rCorr   .          Rampage  .   (no gloves)
Will    +....                   L - +0 pair of boots {Stlth+}
Stlth   ..........              F - amulet of regeneration
HPRegen 1.09/turn               E - ring of see invisible
MPRegen 0.19/turn               k - ring of protection from fire

@: flying, slowed, unable to read, very slow
A: sickness immunity, AC +13, big wings, negative energy resistance 1,
electricity resistance, torment resistance 1, petrification resistance, claws 2,
talons 1, large bone plates 1, clever 1, deterioration 1, wild magic 1, no
potion heal 1, inability to read while threatened
}: 2/15 runes: decaying, slimy
a: Renounce Religion, Heroism, Finesse


You were on level 4 of the Spider Nest.
You worshipped Okawaru.
Okawaru was greatly pleased with you.
You visited 7 branches of the dungeon, and saw 37 of its levels.
You also visited: Volcano.

You collected 2573 gold pieces.
You spent 232 gold pieces at shops.

Inventory:

Hand Weapons
 a - a +4 demon trident of draining (weapon)
 b - the +8 hand crossbow of Futiezus {venom, rElec}
   (You found it on level 5 of the Pits of Slime)

   Any ammunition fired from it poisons the flesh of those it strikes.
   rElec:     It insulates you from electricity.
 c - the +9 trident of Dustoi {elec, Fly rF+ Will- Str+4}
   (You found it on level 4 of the Lair of Beasts)

   It occasionally discharges a powerful burst of electricity upon striking a
   foe.
   Str:       It affects your strength (+4).
   rF:        It protects you from fire.
   Fly:       It grants you flight.
   Will:      It decreases your willpower.
 d - the +9 morningstar "Tewnywk" {vorpal, rC+ rCorr}
   (You found it on level 5 of the Pits of Slime)

   It inflicts extra damage upon your enemies.
   rC:        It protects you from cold.
   rCorr:     It protects you from acid and corrosion.
Missiles
 A - 208 bolts
 X - a throwing net (quivered)
 Y - a curare-tipped dart
Armour
 D - a +0 cloak (worn)
 K - the +1 tower shield "Kiewinetyk" {Dex+3}
   (Okawaru gifted it to you on level 4 of the Spider Nest)

   Dex:       It affects your dexterity (+3).
 L - a +0 pair of boots of stealth (worn)
 Q - a +2 kite shield of protection (worn)
 V - a +1 hat of intelligence (worn)
 Z - a +0 crystal plate armour (worn)
Jewellery
 f - a ring of willpower
 k - a ring of protection from fire (right claw)
 u - a +6 ring of intelligence
 E - a ring of see invisible (left claw)
 F - an amulet of regeneration (around neck)
Wands
 h - a wand of iceblast (9)
 m - a wand of flame (40)
 o - a wand of polymorph (7)
 M - a wand of acid (16)
 P - a wand of paralysis (11)
Scrolls
 g - 12 scrolls of teleportation
 j - 2 scrolls of fear
 q - 4 scrolls of immolation
 s - 2 scrolls of vulnerability
 v - 2 scrolls of magic mapping
 w - 7 scrolls of enchant armour
 y - 4 scrolls of fog
 z - 2 scrolls of amnesia
 G - a scroll of brand weapon
 N - 5 scrolls of silence
 S - a scroll of summoning
Potions
 e - a potion of haste {unknown}
 i - a potion of ambrosia
 l - 2 potions of cancellation
 p - 6 potions of attraction
 r - a potion of resistance
 t - 2 potions of magic
 x - 6 potions of curing
 B - 2 potions of brilliance {unknown}
 C - a potion of lignification {unknown}
 H - 2 potions of might
 I - 3 potions of flight
 J - 3 potions of heal wounds
 R - 4 potions of mutation
 U - 2 potions of berserk rage {unknown}
Miscellaneous
 n - a condenser vane (inert)


   Skills:
 + Level 14.1 Fighting
 - Level 12.6 Maces & Flails
 - Level 14.0 Polearms
 - Level 10.0 Crossbows
 + Level 14.0 Armour
 * Level 11.1 Dodging
 - Level 7.0 Stealth
 + Level 11.0 Shields
 - Level 4.0 Translocations
 * Level 9.3 Invocations


You had 15 spell levels left.
You knew the following spells:

 Your Spells              Type           Power      Damage    Failure   Level
a - Blink                 Tloc           30%        N/A       100%        2

Your spell library contained the following spells:

 Spells                   Type           Power      Damage    Failure   Level
 Pain                     Necr           0%         1d4       100%        1
 Sandblast                Erth           0%         2d4       100%        1
 Ensorcelled Hibernation  Hex/Ice        0%         N/A       100%        2
 Passwall                 Tmut/Erth      0%         N/A       100%        2
 Gell's Gravitas          Tloc           15%        N/A       100%        3
 Inner Flame              Hex/Fire       0%         N/A       100%        3
 Lesser Beckoning         Tloc           15%        N/A       100%        3
 Stone Arrow              Conj/Erth      0%         3d7       100%        3
 Swiftness                Air            0%         N/A       100%        3
 Teleport Other           Tloc           15%        N/A       100%        3
 Vampiric Draining        Necr           0%         2d6       100%        3
 Cause Fear               Hex            0%         N/A       100%        4
 Passage of Golubria      Tloc           15%        N/A       100%        4
 Alistair's Intoxication  Tmut/Pois      0%         N/A       100%        5
 Borgnjor's Vile Clutch   Necr/Erth      0%         N/A       100%        5
 Fireball                 Conj/Fire      0%         3d3       100%        5
 Manifold Assault         Tloc           15%        N/A       100%        5
 Yara's Violent Unravell  Hex/Tmut       0%         3d3       100%        5
 Eringya's Noxious Bog    Tmut/Pois      0%         N/A       100%        6
 Starburst                Conj/Fire      0%         6d3       100%        6
 Discord                  Hex            0%         N/A       100%        8
 Ignition                 Fire           0%         3d3       100%        8
 Lehudib's Crystal Spear  Conj/Erth      0%         10d2      100%        8
 Animate Skeleton         Necr           Unusable   N/A       N/A         1
 Tukima's Dance           Hex            Unusable   N/A       N/A         3
 Animate Armour           Summ/Erth      Unusable   N/A       N/A         4

Dungeon Overview and Level Annotations

Branches:
Dungeon (15/15)            Temple (1/1) D:6            Lair (6/6) D:10
  Swamp (4/4) Lair:2       Spider (4/4) Lair:4        Slime (5/5) Lair:6
    Orc (2/2) D:11            Elf (0/3) Orc:2        Vaults (0/5) D:13
 Depths (0/4) D:15        Volcano (visited)

Altars:
Ashenzari
Cheibriados
Dithmenos
Elyvilon
Fedhas
Gozag
Hepliaklqana
Kikubaaqudgha
Makhleb
Nemelex Xobeh
Okawaru
Qazlal
Ru
Sif Muna
Trog
Uskayaw
Vehumet
Wu Jian
Xom
Yredelemnul
Zin
The Shining One
Beogh
Jiyva

Shops:
D:11 (   Orc:2 *([*:

Portals:
Hell: Lair:6
Trove: D:15 (give +2 storm dragon scales)

Annotations:
D:2 Crazy Yiuf
Lair:1 3 runed translucent doors, GilGalad's ghost, journeyman MiFi
Lair:5 2 transporters, IBeShadow's ghost, journeyman FeDe
Spider:2 Roxanne
Slime:5 Royal Jelly


Innate Abilities, Weirdness & Mutations

You are immune to sickness and miasma.
Your stone body is resilient. (AC +13)
You are immune to poison.
Your large and strong wings let you fly.
You resist negative energy. (rN+)
You are resistant to electric shocks. (rElec)
You are resistant to unholy torment.
You are immune to petrification.
You have very sharp fingernails.
You have sharp toenails.
You are partially covered in large bone plates. (SH +4)
Your mind is acute. (Int +2)
Your body sometimes deteriorates upon taking damage.
Your spells are a little harder to cast, but a little more powerful.
Potions are less effective at restoring your health.
You sometimes lose the ability to read scrolls when taking damage.


Message History

Unknown command.
Clouds of noxious fumes condense around you!
The condenser dries out!
You kill the culicivora!
Okawaru accepts your kill.
The moth of wrath is engulfed in noxious fumes.
You block the moth of wrath's attack.
The steelbarb worm is engulfed in noxious fumes.
You cannot read scrolls in your current state!
Unknown command.
Found a potion of ambrosia.
The moth of wrath is engulfed in noxious fumes.
The moth of wrath appears confused.
The moth of wrath bites the emperor scorpion.
The steelbarb worm is engulfed in noxious fumes.
You block the emperor scorpion's attack.
The emperor scorpion claws you but does no damage. x2
Being near the torpor snail leaves you feeling lethargic.
Okay, then.
Okay, then.
Okay, then.
Okay, then.
Okay, then.
A redback comes into view.
Found four items.
The moth of wrath is engulfed in noxious fumes.
The moth of wrath appears confused.
You block the emperor scorpion's attack. x2
The emperor scorpion claws you!
* * * LOW HITPOINT WARNING * * *
The emperor scorpion stings you!
* * * LOW HITPOINT WARNING * * *
The emperor scorpion claws you but does no damage.
You block the emperor scorpion's attack.
The moth of wrath bites the emperor scorpion!
The moth of wrath bites itself.
The steelbarb worm hits you but does no damage.
The torpor snail bites you but does no damage.
The emperor scorpion stings you.
You die...

. # .# .# .## ... ...
####### .^#
###§§§§s###
#########§§§§§ys..####
####≈≈...^.####s@.≈.s#
##≈..†.^#### ##ww^≈..#
##...#### $.....^.≈
#....# ≈≈≈.§§###.
≈≈...# .φ≈≈$§§§.
≈...≈## !≈≈≈.!§§###
^≈..≈≈#### ≈^^.!#####
#....≈≈≈≈#######
##........


You could see 3 emperor scorpions, a steelbarb worm, a torpor snail, a moth of
wrath (confused) and a redback.

Vanquished Creatures
  Rupert (D:12)
  Asterion (Spider:1)
  A thorn hunter (Swamp:3)
  2 azure jellies
  2 emperor scorpions
  Louise (Spider:2)
  5 ghost moths
  An orc warlord (Orc:2)
  5 ghouls (Swamp:1)
  A quicksilver ooze (Spider:1)
  2 stone giants
  2 broodmothers (Spider:2)
  5 entropy weavers
  A dire elephant (Lair:6)
  A spark wasp (Spider:1)
  Azrael (Spider:1)
  A bunyip (Swamp:3)
  2 shambling mangroves
  3 great orbs of eyes
  An ogre mage (D:15)
  7 boulder beetles
  25 hydras
  2 vault guards (D:13)
  5 centaur warriors
  Erica (D:8)
  3 jorogumos
  7 alligators
  9 two-headed ogres
  2 death yaks
  4 ghost crabs
  5 orc high priests
  5 tengu warriors (D:15)
  A sixfirhy (Lair:6)
  4 skeletal warriors (D:15)
  12 steelbarb worms
  3 bog bodies
  7 spriggan druids
  2 glowing orange brains
  A pharaoh ant (Spider:1)
  3 goliath frogs
  2 lindwurms
  8 swamp dragons
  7 orb spiders
  3 wizards
  Pikel (D:6)
  An obsidian statue (Volcano)
  A necromancer (D:13)
  A deep elf pyromancer (D:15)
  4 ugly things (D:14)
  4 orc knights
  3 orc sorcerers (Orc:2)
  5 cyclopes
  16 wolf spiders
  3 shining eyes
  3 oklob plants
  8 will-o-the-wisps
  3 moths of wrath
  5 elephants
  A manticore (D:15)
  10 black mambas
  2 orange demons (Lair:6)
  3 gargoyles
  4 torpor snails
  6 rime drakes
  A kobold demonologist (D:11)
  10 cane toads
  2 yaktaurs (D:13)
  10 komodo dragons
  An unseen horror (D:12)
  4 ice devils (Lair:6)
  6 demonic crawlers
  An efreet (Volcano)
  A hellwing (Lair:6)
  3 tengu conjurers
  4 polar bears
  9 meliai
  3 trolls (D:11)
  A wolf spider simulacrum (D:15)
  Prince Ribbit (D:6)
  14 tarantellas
  5 tyrant leeches
  10 hornets
  32 blink frogs
  4 dream sheep (Lair:5)
  11 slime creatures
  30 jumping spiders
  13 spriggans
  2 shadows
  A wraith (D:13)
  18 culicivoras
  8 wyverns
  5 fire bats (Volcano)
  3 vampires
  49 yaks
  2 hogs (shapeshifter)
  4 basilisks
  19 humans (D:13)
  A hog (D:12)
  67 redbacks
  4 fire elementals
  7 vampire mosquitoes
  10 swamp worms
  2 acid dragons
  12 water moccasins
  5 hell hounds
  A floating eye (Spider:1)
  2 black bears
  2 ice beasts (D:5)
  A sky beast (D:6)
  5 swamp drakes (Swamp:4)
  42 orc warriors
  4 necrophages
  12 ogres
  9 wolves
  A centaur (D:13)
  A lemure (D:6)
  12 bullfrogs
  3 kobold brigands (D:11)
  Blork the orc (D:4)
  A water moccasin zombie (D:5)
  An earth elemental (Volcano)
  4 gnoll sergeants (D:11)
  3 scorpions
  6 killer bees (D:8)
  4 wights (D:7)
  3 howler monkeys (D:10)
  An electric eel (Spider:2)
  5 lava snakes (Volcano)
  5 centaur zombies
  19 orc priests
  48 jellies
  A bullfrog skeleton (D:5)
  4 iguanas
  A centaur skeleton (D:5)
  25 orc wizards
  The ghost of crazypyro the Skirmisher, a weakling DsFi (D:3)
  A howler monkey zombie (D:9)
  Robin (D:3)
  11 gnolls
  A howler monkey skeleton (D:7)
  8 adders
  A shadow imp (D:7)
  An adder skeleton (D:4)
  A worm (D:1)
  A dart slug (D:5)
  85 orcs
  6 endoplasms
  3 giant cockroaches
  14 goblins
  11 hobgoblins
  3 jackals (D:2)
  2 quokkas (D:5)
  8 ball pythons
  6 bats
  3 frilled lizards
  8 kobolds
  5 rats
1054 creatures vanquished.

Vanquished Creatures (collateral kills)
  Gastronok (Lair:2)
  A ghost crab (Swamp:3)
  A radroach (Spider:2)
  An alligator (Swamp:2)
  A death yak (Lair:5)
  A pharaoh ant (Spider:1)
  2 bog bodies
  A torpor snail (Spider:2)
  A cane toad (Lair:1)
  A komodo dragon (Lair:5)
  A jumping spider (Spider:1)
  A spriggan (Lair:5)
  3 yaks (Lair:1)
  2 shadows
18 creatures vanquished.

Vanquished Creatures (others)
  A bunyip (Swamp:2)
  A hydra (Swamp:2)
  A pharaoh ant (Spider:2)
  A goliath frog (Swamp:3)
  2 swamp dragons (Swamp:4)
  3 slime creatures (Lair:1)
  A polar bear (Lair:4)
  3 bloated husks
  A jumping spider (Spider:2)
  3 redbacks (Spider:2)
  A swamp worm (Swamp:2)
  2 water moccasins
  An orc warrior (Orc:1)
  2 swamp drakes (Swamp:4)
  An ogre (Orc:2)
  3 bullfrogs
  A wight (D:7)
  A howler monkey (D:11)
  90 jellies
  4 orc priests
  5 orc wizards
  A howler monkey zombie (D:8)
  2 white imps
  16 orcs
  64 foxfires
  86 fungi
  156 plants
453 creatures vanquished.

Grand Total: 1525 creatures vanquished

Notes
Turn   | Place    | Note
-------+----------+-------------------------------------------
     0 | D:1      | Theoretic the Gargoyle Monk began the quest for the Orb.
     0 | D:1      | Reached XP level 1. HP: 14/14 MP: 1/1
   257 | D:1      | Reached XP level 2. HP: 19/19 MP: 2/2
   710 | D:1      | Reached skill level 1 in Armour
   710 | D:1      | Reached XP level 3. HP: 10/23 MP: 3/3
  1381 | D:2      | Reached XP level 4. HP: 25/29 MP: 4/4
  1510 | D:2      | Found a runed translucent door.
  1511 | D:2      | Noticed Crazy Yiuf
  1614 | D:2      | HP: 1/29 [worm (7)]
  2221 | D:3      | Noticed Robin
  2238 | D:3      | Found a runed translucent door.
  2281 | D:3      | Reached skill level 1 in Maces & Flails
  2358 | D:3      | Reached XP level 5. HP: 14/33 MP: 5/5
  2531 | D:3      | Noticed crazypyro's ghost (weakling DsFi)
  2685 | D:3      | Found a burning altar of Makhleb.
  3261 | D:2      | Reached XP level 6. HP: 30/38 MP: 6/6
  3387 | D:3      | Killed Robin
  3437 | D:3      | Killed crazypyro's ghost
  3738 | D:4      | Noticed Blork the orc
  3749 | D:4      | Killed Blork the orc
  3813 | D:4      | Noticed a necrophage
  3830 | D:4      | Killed a necrophage
  3831 | D:4      | Reached XP level 7. HP: 44/44 MP: 7/7
  4806 | D:5      | Entered Level 5 of the Dungeon
  5059 | D:5      | Learned a level 2 spell: Blink
  5290 | D:5      | Noticed a wyvern
  5298 | D:5      | Killed a wyvern
  5299 | D:5      | Reached skill level 5 in Fighting
  5299 | D:5      | Reached skill level 5 in Polearms
  5299 | D:5      | Reached XP level 8. HP: 49/49 MP: 8/8
  5338 | D:5      | Reached skill level 5 in Stealth
  5984 | D:6      | Found a broken altar of Ashenzari.
  6215 | D:6      | Reached XP level 9. HP: 57/57 MP: 9/9
  6264 | D:6      | Reached skill level 1 in Translocations
  6294 | D:6      | Noticed Pikel
  6311 | D:6      | Killed Pikel
  6380 | D:6      | Noticed Prince Ribbit
  6392 | D:6      | Killed Prince Ribbit
  6417 | D:6      | Found a staircase to the Ecumenical Temple.
  6508 | Temple   | Entered the Ecumenical Temple
  6612 | Temple   | Became a worshipper of Jiyva Jutoakig the Shapeless
  6612 | Temple   | Reached * piety under Jiyva
  6612 | Temple   | Reached ** piety under Jiyva
  6776 | D:6      | Reached skill level 5 in Armour
  7378 | D:7      | Reached *** piety under Jiyva
  7528 | D:7      | Reached XP level 10. HP: 63/63 MP: 10/10
  7556 | D:7      | Gained mutation: You are somewhat resistant to further
                  | mutation. [Jiyva's grace]
  7556 | D:7      | Gained mutation: You are somewhat resistant to both further
                  | mutation and mutation removal. [Jiyva's grace]
  7556 | D:7      | Gained mutation: You are almost entirely resistant to
                  | further mutation and mutation removal. [Jiyva's grace]
  7556 | D:7      | Gained mutation: You are agile. (Dex +2) [Jiyva's grace]
  7646 | D:7      | Reached skill level 5 in Dodging
  8108 | D:8      | Noticed Erica
  8125 | D:8      | Killed Erica
  8403 | D:8      | Reached **** piety under Jiyva
  8472 | D:8      | Found a sparkling altar of Nemelex Xobeh.
  8599 | D:8      | Found a hazy altar of Hepliaklqana.
  8601 | D:8      | Found a faded altar of an unknown god.
  8766 | D:8      | Reached skill level 1 in Invocations
  8950 | D:9      | Noticed a centaur warrior
  8964 | D:9      | Killed a centaur warrior
  9014 | D:9      | Noticed a centaur warrior
  9031 | D:9      | Killed a centaur warrior
  9047 | D:9      | Noticed a guardian serpent
  9216 | D:9      | Reached ***** piety under Jiyva
  9219 | D:9      | Identified the +2 ring mail of Urro {rN+ Will- Str+6}
  9312 | D:9      | Found a shimmering blue altar of Sif Muna.
  9312 | D:9      | Found an iron altar of Okawaru.
  9342 | D:9      | Reached XP level 11. HP: 67/67 MP: 12/12
  9632 | D:9      | Lost mutation: You are almost entirely resistant to further
                  | mutation and mutation removal. [Jiyva's grace]
  9632 | D:9      | Gained mutation: Your translucent skin slightly reduces
                  | your foes' accuracy. (Stealth+) [Jiyva's grace]
  9632 | D:9      | Gained mutation: Your translucent skin reduces your foes'
                  | accuracy. (Stealth+) [Jiyva's grace]
  9632 | D:9      | Gained mutation: Your transparent skin significantly
                  | reduces your foes' accuracy. (Stealth+) [Jiyva's grace]
  9632 | D:9      | Gained mutation: You have acidic saliva. [Jiyva's grace]
  9831 | D:10     | Entered Level 10 of the Dungeon
  9855 | D:10     | Noticed Nergalle
  9998 | D:9      | Slimified Nergalle
  9998 | D:9      | Noticed Nergalle
  9998 | D:9      | Nergalle changed into Nergalle the slime creature
 10225 | D:10     | Identified the +1 trident of Wu Jian's Benevolence {venom,
                  | Fly rF+ Str+3 Stlth+}
 10246 | D:10     | Found a shadowy altar of Dithmenos.
 10386 | D:10     | Found a bloodstained altar of Trog.
 10408 | D:10     | Found a staircase to the Lair.
 10527 | Lair:1   | Entered Level 1 of the Lair of Beasts
 10859 | Lair:1   | Reached skill level 5 in Shields
 10925 | Lair:1   | Found a runed translucent gate.
 10925 | Lair:1   | Found a runed translucent gate.
 10926 | Lair:1   | Found a runed translucent gate.
 10929 | Lair:1   | Noticed GilGalad's ghost (journeyman MiFi)
 11185 | Lair:1   | Lost mutation: You are somewhat resistant to both further
                  | mutation and mutation removal. [Jiyva's grace]
 11185 | Lair:1   | Lost mutation: You are somewhat resistant to further
                  | mutation. [Jiyva's grace]
 11185 | Lair:1   | Gained mutation: You are covered in slimy tendrils that may
                  | disarm your opponents. [Jiyva's grace]
 11185 | Lair:1   | Gained mutation: You are strong-willed. (Will+) [Jiyva's
                  | grace]
 11185 | Lair:1   | Gained mutation: You are highly strong-willed. (Will++)
                  | [Jiyva's grace]
 11185 | Lair:1   | Gained mutation: You are extremely strong-willed. (Will+++)
                  | [Jiyva's grace]
 11345 | Lair:1   | Found a viscous altar of Jiyva.
 11474 | Lair:2   | Reached skill level 5 in Invocations
 11560 | Lair:2   | Noticed Gastronok
 11573 | Lair:2   | Killed Gastronok
 11623 | Lair:2   | Noticed a four-headed hydra
 11632 | Lair:2   | Killed a four-headed hydra
 11633 | Lair:2   | Reached skill level 10 in Polearms
 11633 | Lair:2   | Reached XP level 12. HP: 66/72 MP: 15/15
 11735 | Lair:2   | Noticed a four-headed hydra
 11743 | Lair:2   | Killed a four-headed hydra
 11792 | Lair:2   | Noticed a death yak
 11792 | Lair:2   | Noticed a four-headed hydra
 11811 | Lair:2   | Killed a four-headed hydra
 11829 | Lair:2   | Killed a death yak
 11851 | Lair:2   | Noticed a four-headed hydra
 11865 | Lair:2   | Killed a four-headed hydra
 12112 | Lair:2   | Found a staircase to the Swamp.
 12205 | Lair:2   | Lost mutation: You are agile. (Dex +2) [Jiyva's grace]
 12205 | Lair:2   | Lost mutation: You are extremely strong-willed. (Will+++)
                  | [Jiyva's grace]
 12205 | Lair:2   | Lost mutation: You have acidic saliva. [Jiyva's grace]
 12205 | Lair:2   | Lost mutation: Your transparent skin significantly reduces
                  | your foes' accuracy. (Stealth+) [Jiyva's grace]
 12205 | Lair:2   | Lost mutation: Your translucent skin reduces your foes'
                  | accuracy. (Stealth+) [Jiyva's grace]
 12205 | Lair:2   | Gained mutation: Your large and strong wings let you fly.
                  | [Jiyva's grace]
 12205 | Lair:2   | Gained mutation: You have a pair of small horns on your
                  | head. [Jiyva's grace]
 12205 | Lair:2   | Gained mutation: You have a pair of horns on your head.
                  | [Jiyva's grace]
 12205 | Lair:2   | Gained mutation: You have a pair of large horns on your
                  | head. [Jiyva's grace]
 12485 | Lair:3   | Noticed a boulder beetle
 12505 | Lair:3   | Killed a boulder beetle
 12922 | Lair:3   | Reached ****** piety under Jiyva
 13206 | Lair:4   | Noticed an eight-headed hydra
 13222 | Lair:4   | Killed an eight-headed hydra
 13223 | Lair:4   | Reached XP level 13. HP: 59/80 MP: 16/16
 13274 | Lair:4   | Identified the +9 trident of Dustoi {elec, Fly rF+ Will-
                  | Str+4}
 13421 | Lair:4   | Found a hole to the Spider Nest.
 13595 | Lair:4   | Lost mutation: You have a pair of large horns on your head.
                  | [Jiyva's grace]
 13595 | Lair:4   | Lost mutation: You have a pair of horns on your head.
                  | [Jiyva's grace]
 13595 | Lair:4   | Gained mutation: Your spells are a little harder to cast,
                  | but a little more powerful. [Jiyva's grace]
 13595 | Lair:4   | Gained mutation: Your spells are harder to cast, but more
                  | powerful. [Jiyva's grace]
 13595 | Lair:4   | Gained mutation: Your spells are much harder to cast, but
                  | much more powerful. [Jiyva's grace]
 13595 | Lair:4   | Gained mutation: You are extremely strong-willed. (Will+++)
                  | [Jiyva's grace]
 14024 | Lair:5   | Reached skill level 10 in Fighting
 14024 | Lair:5   | Reached skill level 10 in Armour
 14026 | Lair:5   | Noticed IBeShadow's ghost (journeyman FeDe)
 14033 | Lair:5   | Found a transporter.
 14049 | Lair:5   | Found a transporter.
 14058 | Lair:5   | Found a dark tunnel.
 14074 | Volcano  | Entered a volcano
 14338 | Volcano  | Found a radiant altar of Vehumet.
 14338 | Volcano  | Noticed a stone giant
 14346 | Volcano  | Killed a stone giant
 14772 | Lair:5   | Mutation became permanent: Your large and strong wings let
                  | you fly. [Gargoyle growth]
 14772 | Lair:5   | Gained mutation: Your large and strong wings let you fly.
                  | [Gargoyle growth]
 14772 | Lair:5   | Reached XP level 14. HP: 88/88 MP: 17/17
 15096 | Lair:6   | Entered Level 6 of the Lair of Beasts
 15115 | Lair:6   | Reached skill level 10 in Shields
 15405 | Lair:6   | Noticed a dire elephant
 15439 | Lair:6   | Killed a dire elephant
 15472 | Lair:6   | Lost mutation: You are extremely strong-willed. (Will+++)
                  | [Jiyva's grace]
 15472 | Lair:6   | Gained mutation: You have sharp toenails. [Jiyva's grace]
 15472 | Lair:6   | Gained mutation: You have razor-sharp toenails. [Jiyva's
                  | grace]
 15472 | Lair:6   | Gained mutation: You have claws for feet. [Jiyva's grace]
 15472 | Lair:6   | Gained mutation: Your body has grown eyes which may confuse
                  | attackers. (Acc +3) [Jiyva's grace]
 15505 | Lair:6   | Found a burning altar of Makhleb.
 15583 | Lair:6   | Found a gateway to Hell.
 15590 | Lair:6   | Identified the +1 robe of Parlour Games {Harm Str+9 Int-2}
 15643 | Lair:6   | Reached skill level 10 in Dodging
 15806 | Lair:6   | Found a staircase to the Slime Pits.
 15870 | Slime:1  | Entered Level 1 of the Pits of Slime
 15870 | Slime:1  | Noticed an acid blob
 15870 | Slime:1  | Noticed an azure jelly
 15874 | Slime:2  | Noticed an acid blob
 15893 | Slime:3  | Noticed a quicksilver ooze
 15900 | Slime:4  | Noticed a rockslime
 15910 | Slime:5  | Entered Level 5 of the Pits of Slime
 15949 | Slime:5  | Noticed a rockslime
 15951 | Slime:5  | Noticed an acid blob
 15953 | Slime:5  | Noticed an azure jelly
 15954 | Slime:5  | Found a viscous altar of Jiyva.
 15954 | Slime:5  | Noticed the Royal Jelly
 15954 | Slime:5  | Noticed an azure jelly
 15955 | Slime:5  | Noticed an acid blob
 15955 | Slime:5  | Noticed a quicksilver ooze
 15955 | Slime:5  | Noticed an acid blob
 15956 | Slime:5  | Noticed an acid blob
 15964 | Slime:5  | Got a slimy rune of Zot
 15966 | Slime:5  | Noticed an acid blob
 15971 | Slime:5  | Identified the +8 hand crossbow of Futiezus {venom, rElec}
 15986 | Slime:5  | Identified the +9 morningstar "Tewnywk" {vorpal, rC+ rCorr}
 16010 | Slime:5  | Noticed an acid blob
 16012 | Slime:5  | Noticed an acid blob
 16018 | Slime:4  | Noticed a rockslime
 16022 | Slime:3  | Noticed an azure jelly
 16049 | Slime:3  | Noticed an acid blob
 16106 | Slime:4  | Noticed a rockslime
 16126 | Slime:5  | Noticed an acid blob
 16931 | D:11     | Found Vinwenep's Weapon Boutique.
 17086 | D:11     | Found a staircase to the Orcish Mines.
 17100 | Orc:1    | Entered Level 1 of the Orcish Mines
 17131 | Orc:1    | Reached skill level 1 in Crossbows
 17148 | Orc:1    | Lost mutation: You are highly strong-willed. (Will++)
                  | [Jiyva's grace]
 17148 | Orc:1    | Lost mutation: You are strong-willed. (Will+) [Jiyva's
                  | grace]
 17148 | Orc:1    | Lost mutation: Your spells are much harder to cast, but
                  | much more powerful. [Jiyva's grace]
 17148 | Orc:1    | Lost mutation: Your body has grown eyes which may confuse
                  | attackers. (Acc +3) [Jiyva's grace]
 17148 | Orc:1    | Lost mutation: You are covered in slimy tendrils that may
                  | disarm your opponents. [Jiyva's grace]
 17148 | Orc:1    | Gained mutation: Your spells are much harder to cast, but
                  | much more powerful. [Jiyva's grace]
 17148 | Orc:1    | Gained mutation: You have sharp fingernails. [Jiyva's
                  | grace]
 17148 | Orc:1    | Gained mutation: You have very sharp fingernails. [Jiyva's
                  | grace]
 17148 | Orc:1    | Gained mutation: You have claws for hands. [Jiyva's grace]
 17223 | Orc:2    | Entered Level 2 of the Orcish Mines
 17233 | Orc:1    | Reached XP level 15. HP: 92/92 MP: 18/18
 17369 | Orc:2    | Found a staircase to the Elven Halls.
 17449 | Orc:2    | Found Hoinluse's Assorted Antiques.
 17711 | Orc:1    | Reached skill level 5 in Maces & Flails
 17773 | Orc:2    | Noticed an orc warlord
 17806 | Orc:2    | Killed an orc warlord
 17951 | Orc:2    | Found Yjyastru's General Store.
 17951 | Orc:2    | Found Zexez's Book Shop.
 17953 | Orc:2    | Found Jeucw's Antique Armour Shop.
 17953 | Orc:2    | Found Woucwab's Antique Weapon Boutique.
 18237 | Swamp:1  | Entered Level 1 of the Swamp
 18310 | Swamp:1  | Noticed a ghoul
 18312 | Swamp:1  | Noticed a ghoul
 18321 | Swamp:1  | Killed a ghoul
 18328 | Swamp:1  | Killed a ghoul
 19173 | Swamp:1  | Noticed a ghoul
 19175 | Swamp:1  | Noticed a ghoul
 19176 | Swamp:1  | Noticed a ghoul
 19201 | Swamp:1  | Reached skill level 5 in Crossbows
 19211 | Swamp:1  | Killed a ghoul
 19222 | Swamp:1  | Killed a ghoul
 19237 | Swamp:1  | Killed a ghoul
 19548 | Swamp:2  | Lost mutation: You have a pair of small horns on your head.
                  | [Jiyva's grace]
 19548 | Swamp:2  | Lost mutation: You have claws for feet. [Jiyva's grace]
 19548 | Swamp:2  | Lost mutation: Your spells are much harder to cast, but
                  | much more powerful. [Jiyva's grace]
 19548 | Swamp:2  | Lost mutation: Your spells are harder to cast, but more
                  | powerful. [Jiyva's grace]
 19548 | Swamp:2  | Gained mutation: You are partially covered in large bone
                  | plates. (SH +4) [Jiyva's grace]
 19548 | Swamp:2  | Gained mutation: You are mostly covered in large bone
                  | plates. (SH +6) [Jiyva's grace]
 19548 | Swamp:2  | Gained mutation: You are completely covered in large bone
                  | plates. (SH +8) [Jiyva's grace]
 19548 | Swamp:2  | Gained mutation: Armour fits poorly on your pseudopods.
                  | [Jiyva's grace]
 19594 | Swamp:2  | Identified a scroll of acquirement
 19594 | Swamp:2  | Acquired 649 gold pieces
 19996 | Swamp:3  | Reached XP level 16. HP: 37/100 MP: 19/19
 19996 | Swamp:3  | HP: 4/100 [bog body/bolt of cold (36)]
 20136 | Swamp:3  | Noticed a thorn hunter
 20149 | Swamp:3  | Killed a thorn hunter
 20526 | Swamp:4  | Entered Level 4 of the Swamp
 21122 | Swamp:4  | Noticed the 27-headed Lernaean hydra
 21133 | Swamp:4  | Slimified the 27-headed Lernaean hydra
 21133 | Swamp:4  | Noticed an azure jelly shaped Lernaean hydra
 21133 | Swamp:4  | the 27-headed Lernaean hydra changed into an azure jelly
                  | shaped Lernaean hydra
 21241 | Swamp:4  | Got a decaying rune of Zot
 21439 | Spider:1 | Entered Level 1 of the Spider Nest
 21508 | Spider:1 | Reached skill level 10 in Maces & Flails
 21754 | Spider:1 | Reached XP level 17. HP: 105/107 MP: 20/20
 22142 | Spider:2 | Lost mutation: You have claws for hands. [Jiyva's grace]
 22142 | Spider:2 | Lost mutation: You have razor-sharp toenails. [Jiyva's
                  | grace]
 22142 | Spider:2 | Lost mutation: You are completely covered in large bone
                  | plates. (SH +8) [Jiyva's grace]
 22142 | Spider:2 | Lost mutation: You are mostly covered in large bone plates.
                  | (SH +6) [Jiyva's grace]
 22142 | Spider:2 | Gained mutation: Your mind is acute. (Int +2) [Jiyva's
                  | grace]
 22142 | Spider:2 | Gained mutation: Your mind is very acute. (Int +4) [Jiyva's
                  | grace]
 22142 | Spider:2 | Gained mutation: You have a small jelly attached to you
                  | that senses nearby items. [Jiyva's grace]
 22142 | Spider:2 | Gained mutation: You have acidic saliva. [Jiyva's grace]
 22155 | Spider:2 | Identified Roxanne's Catalogue of the Rocks
 22155 | Spider:2 | Noticed Roxanne
 22190 | Spider:2 | Reached skill level 10 in Crossbows
 22249 | Spider:2 | Noticed Asterion
 22289 | Spider:1 | Killed Asterion
 22339 | Spider:2 | Identified the +3 leather armour of the Grue {Int+4 Dex+3}
 22424 | Spider:2 | Noticed Azrael
 22518 | Spider:1 | Killed Azrael
 22612 | Spider:2 | Identified the +0 leather armour of Mezcal {Will+ Str+4
                  | Dex-2}
 22705 | Spider:2 | You are sucked into a shaft and drop 1 floor!
 23133 | Spider:3 | Noticed Jorgrun
 23146 | Spider:2 | Slimified Jorgrun
 23146 | Spider:2 | Noticed Jorgrun
 23146 | Spider:2 | Jorgrun changed into Jorgrun the azure jelly
 23435 | Orc:2    | Bought a pair of glowing boots for 232 gold pieces
 23818 | D:9      | Found an ancient bone altar of Kikubaaqudgha.
 23818 | D:9      | Found a basalt altar of Yredelemnul.
 23821 | D:9      | Found a glowing golden altar of the Shining One.
 23822 | D:9      | Fell from the grace of Jiyva
 23822 | D:9      | Became a worshipper of Warmaster Okawaru
 24307 | D:12     | Noticed Sonja
 24308 | D:12     | Noticed Sonja
 24308 | D:12     | Sonja changed into Sonja the hog
 24315 | D:12     | Killed Sonja the hog
 24432 | D:12     | Noticed Rupert
 24440 | D:12     | Paralysed by Rupert for 3 turns
 24450 | D:12     | Killed Rupert
 24525 | D:12     | Acquired a +1 demon trident of draining
 25350 | D:13     | Reached * piety under Okawaru
 25377 | D:13     | Found a gate to the Vaults.
 25607 | D:13     | Lost mutation: Your translucent skin slightly reduces your
                  | foes' accuracy. (Stealth+) [the all-consuming vengeance of
                  | Jiyva]
 26212 | D:14     | Reached ** piety under Okawaru
 26233 | D:14     | Gained mutation: Your body sometimes deteriorates upon
                  | taking damage. [the all-consuming vengeance of Jiyva]
 26233 | D:14     | Lost mutation: You have acidic saliva. [the all-consuming
                  | vengeance of Jiyva]
 26324 | D:14     | Lost mutation: Your mind is very acute. (Int +4) [mutagenic
                  | glow]
 26449 | D:14     | Lost mutation: Armour fits poorly on your pseudopods. [the
                  | all-consuming vengeance of Jiyva]
 26718 | D:15     | Entered Level 15 of the Dungeon
 26763 | D:15     | Found a portal to a secret trove of treasure.
 26892 | D:15     | Reached XP level 18. HP: 115/115 MP: 23/23
 27025 | D:15     | Lost mutation: You have a small jelly attached to you that
                  | senses nearby items. [the all-consuming vengeance of Jiyva]
 27169 | D:15     | Found a staircase to the Depths.
 27296 | D:15     | Reached *** piety under Okawaru
 27296 | D:15     | Received a gift from Okawaru
 27944 | Spider:1 | Paralysed by a floating eye for 4 turns
 28258 | Spider:1 | Killed Jorgrun the azure jelly
 28362 | Spider:2 | Reached **** piety under Okawaru
 28422 | Spider:3 | Noticed Louise
 28441 | Spider:2 | Killed Louise
 28447 | Spider:2 | Gained mutation: You sometimes lose the ability to read
                  | scrolls when taking damage. [the all-consuming vengeance of
                  | Jiyva]
 28447 | Spider:2 | Gained mutation: Potions are less effective at restoring
                  | your health. [the all-consuming vengeance of Jiyva]
 28844 | Spider:3 | Received a gift from Okawaru
 28957 | Spider:4 | Entered Level 4 of the Spider Nest
 29330 | Spider:4 | Received a gift from Okawaru
 29544 | Spider:4 | Reached ***** piety under Okawaru
 29956 | Spider:4 | Identified the +1 tower shield "Kiewinetyk" {Dex+3}
                  | (Okawaru gifted it to you on level 4 of the Spider Nest)
 29956 | Spider:4 | Received a gift from Okawaru
 29988 | Arena    | Entered the Arena
 30031 | Spider:4 | Slain by an emperor scorpion

Illustrated notes

Levels and vault maps discovered:
D:1:      onia_arrival_handbag, layout_basic, chequers_mini_garden
D:2:      layout_basic, uniq_crazy_yiuf_cottage
D:3:      layout_basic, lemuel_tele_altar, ebering_ghost_sewer_d, uniq_robin
D:4:      layout_layer_cave, uniq_blork_the_orc
D:5:      layout_rooms, serial_bayou_lake_a
D:6:      layout_loops_ring, mainiacjoe_overflow_concentric_impassable,
          minmay_temple_entry_statues_fountains, uniq_prince_ribbit1, uniq_pikel
D:7:      layout_layer_cave
D:8:      layout_basic, nemelex_spade_bored_becter,
          beargit_hepliaklqana_dungeon_heroes, uniq_erica
D:9:      layout_loops_ring, nicolae_overflow_hidden_temple, wad_mini_maze
D:10:     layout_roguey, trog_three_pillars_becter, grunt_dithmenos_shadows,
          lair_entry_dummy, chequers_serial_rivers_micro_c, uniq_nergalle
D:11:     layout_long_grid, kennysheep_orc_monster_closet_entryway,
          serial_shops, nicolae_shop_advertising_works
          [nicolae_subvault_shop_adworks]
D:12:     layout_stronghold, uniq_rupert, uniq_sonja
D:13:     layout_rooms, grunt_vaults_entry_tiered
D:14:     layout_loops_ring, minmay_misc_feat_plants, evilmike_butchery
D:15:     grunt_enter_depths_snipers, layout_irregular_city,
          nicolae_trove_entry_free_sample, minivault_26, nrook_mini_vaults
Temple:   pf_slimified_temple
Lair:1:   layout_regular_city, gammafunk_ghost_ooze
Lair:2:   layout_long_grid, minmay_swamp_entry_worms, minmay_shattered_shrine,
          lemuel_fruit_tree, uniq_gastronok
Lair:3:   layout_small_grid, grunt_megastairs_3
Lair:4:   layout_roguey, spider_nest_entry_a
Lair:5:   layout_roguey, enter_volcano_3, nzn_ghost_randoct,
          grunt_forest_large_clearing_hut, lemuel_fruit_fields
Lair:6:   evil_forest, layout_regular_city, minmay_slime_entry_oklob_open,
          grunt_megastairs_4
Swamp:1:  layout_falls_marsh, evilmike_swamp_ruin_house_5
Swamp:2:  layout_basic_swamp, infiniplex_staircase_pool_2
Swamp:3:  layout_basic_swamp, evilmike_swamp_ruin_house_4,
          infiniplex_staircase_pool
Swamp:4:  swamp_old_school, layout_basic_swamp
Spider:1: layout_spider_delve
Spider:2: layout_spider_delve, nicolae_spider_stair_cavern, uniq_asterion,
          uniq_roxanne, uniq_azrael
Spider:3: layout_spider_delve, uniq_jorgrun, uniq_louise
Spider:4: grunt_spider_rune_circles, hellmonk_deceptive_appearances
Slime:1:  layout_caves
Slime:2:  layout_caves, cheibrodos_slime_lost_civilization_4
Slime:3:  layout_caves
Slime:4:  layout_caves
Slime:5
Orc:1:    layout_diamond_mine, basic_altar
Orc:2:    st_orc_congregation, layout_caves, serial_shops,
          nicolae_shop_overgrown_old_shop, basic_altar, bh_open_orc_temple

Skill      XL: |  1  2  3  4  5  6  7  8  9 10 11 12 13 14 15 16 17 18 |
---------------+-------------------------------------------------------+-----
Polearms       | 3 4 5 7 10 11 12 13 14 | 14.0
Armour         | 1 2 3 4 5 6 7 9 10 11 12 13 14 | 14.0
Fighting       | 4 5 7 9 10 11 12 13 14 | 14.1
Maces & Flails | 1 2 3 4 7 10 12 | 12.6
Stealth        | 3 4 5 6 7 |  7.0
Translocations | 4 |  4.0
Dodging        | 4 6 7 8 10 11 | 11.1
Invocations    | 2 5 7 9 |  9.3
Shields        | 3 5 7 9 10 11 | 11.0
Crossbows      | 1 6 9 10 | 10.0

Action                   |  1- 3 |  4- 6 |  7- 9 | 10-12 | 13-15 | 16-18 || total
-------------------------+-------+-------+-------+-------+-------+-------++-------
Melee: Spear             |   106 |     1 |       |       |       |       ||   107
       Punch             |     2 |     4 |     5 |     1 |       |       ||    12
       Mace              |       |   170 |    21 |       |       |       ||   191
       Trident           |       |    23 |   294 |   748 |  1202 |   862 ||  3129
       Bite              |       |       |       |    67 |       |    69 ||   136
       Headbutt          |       |       |       |    25 |   187 |       ||   212
       Kick              |       |       |       |       |   200 |   215 ||   415
       Pseudopods        |       |       |       |       |    20 |   238 ||   258
       Demon trident     |       |       |       |       |       |  1001 ||  1001
       Morningstar       |       |       |       |       |       |     8 ||     8
 Fire: Hunting sling     |       |     8 |    22 |    11 |     3 |       ||    44
       Hand crossbow     |       |       |       |       |       |    70 ||    70
Throw: Dart              |       |       |       |       |       |     2 ||     2
       Throwing net      |       |       |       |       |       |     1 ||     1
Invok: Oozemancy         |       |       |       |     5 |    12 |     8 ||    25
       Slimify           |       |       |       |     1 |       |     2 ||     3
       Heroism           |       |       |       |       |       |     3 ||     3
       Duel              |       |       |       |       |       |     1 ||     1
Evoke: Wand              |       |       |     5 |     1 |       |     1 ||     7
       Condenser vane    |       |       |       |       |       |     1 ||     1
  Use: Potion            |     1 |       |     1 |       |     2 |     9 ||    13
       Scroll            |       |       |       |    12 |    11 |    16 ||    39
 Stab: Sleeping          |     5 |     1 |     3 |     8 |     2 |     4 ||    23
       Paralysed         |       |       |    10 |       |       |       ||    10
       Distracted        |       |       |       |     2 |     3 |     2 ||     7
       Petrified         |       |       |       |       |     3 |       ||     3
       Fleeing           |       |       |       |       |       |     1 ||     1
Armor: Robe              |     2 |       |       |       |       |       ||     2
       Ring mail         |    21 |    54 |       |       |       |       ||    75
       Chain mail        |       |    76 |    42 |   413 |   400 |   521 ||  1452
       Leather armour    |       |       |   114 |    16 |       |       ||   130
       Crystal plate arm |       |       |       |       |       |   422 ||   422
Dodge: Dodged            |    34 |    87 |   147 |   251 |   313 |   513 ||  1345
Block: Kite shield       |       |       |       |   405 |   569 |  1397 ||  2371
